 Dungeon Crawl Stone Soup version 0.26.1-10-gdfb7c7de75 (webtiles) character file.

Game seed: 5273679549737913216

44 phalm the Insei (level 3, 0/23 HPs)
             Began as an Octopode Transmuter on Apr 2, 2021.
             Slain by a frilled lizard (2 damage)
             ... on level 2 of the Dungeon.
             The game lasted 00:02:08 (1804 turns).

phalm the Insei (Octopode Transmuter)               Turns: 1804, Time: 00:02:09

Health: 0/23       AC:  1    Str:  9    XL:     3   Next: 60%
Magic:  5/6        EV: 13    Int: 15    God:
Gold:   114        SH:  0    Dex: 13    Spells: 0/6 levels left

rFire    . . .     SeeInvis .     - Unarmed
rCold    . . .     Faith    .   (no shield)
rNeg     . . .     Spirit   .   (helmet currently unavailable)
rPois    .         Reflect  .   (no amulet)
rElec    .         Harm     .   (no ring)
rCorr    .         Rampage  .   (no ring)
Will     .....                  (no ring)
Stlth    ++........             (no ring)
HPRegen  0.07/turn              (no ring)
MPRegen  0.10/turn              (no ring)
                                (no ring)
                                (no ring)

@: lethally poisoned (0 -> -8), appendages (expiring)
A: almost no armour, stealthy swim, amphibious, 8 rings, constrict 8, tentacle
spike 3, camouflage 1, gelatinous body 1
a: End Transformation


You were on level 2 of the Dungeon.
One of your tentacles had a temporary spike.
You visited 1 branch of the dungeon, and saw 2 of its levels.

You collected 114 gold pieces.

Inventory:

Scrolls
 a - 2 scrolls of enchant weapon {unknown}
 d - a scroll of fear {unknown}
 e - 2 scrolls of identify {unknown}
 f - a scroll of remove curse {unknown}
 g - a scroll of immolation {unknown}
Potions
 b - a potion of attraction {unknown}
 c - a potion of lignification {unknown}
 h - a potion of resistance {unknown}


   Skills:
 - Level 1.1 Fighting
 - Level 2.0 Dodging
 - Level 0.4 Stealth
 - Level 3.0 Unarmed Combat
 + Level 2.4 Spellcasting
 * Level 2.6 Transmutations
 + Level 0.6 Ice Magic
 * Level 1.6 Poison Magic


You couldn't memorise any spells.
You knew the following spells:

 Your Spells              Type           Power        Failure   Level
a - Beastly Appendage     Tmut           18%          8%          1
b - Wereblood             Tmut           9%           11%         2
c - Spider Form           Tmut/Pois      4%           26%         3

Your spell library contained the following spells:

 Spells                   Type           Power        Failure   Level
 Ice Form                 Ice/Tmut       6%           73%         4
 Blade Hands              Tmut           4%           90%         5


Dungeon Overview and Level Annotations

Branches:
Dungeon (2/15)

Altars:


Innate Abilities, Weirdness & Mutations

You cannot wear most types of armour.
You are very stealthy in the water. (Stealth+)
You are amphibious.
You can wear up to eight rings at the same time.
You can use your tentacles to constrict eight enemies at once.
Your skin changes colour to match your surroundings (Stealth+).
Your rubbery body absorbs attacks. (AC +1, EV +1)
One of your tentacles bears a large vicious spike.


Message History

You closely miss the adder. Your grab misses the adder.
The adder is almost dead.
The adder barely misses you. The frilled lizard barely misses you.
The adder bites you.
You are lethally poisoned!
The adder poisons you!
You barely miss the adder. You grab the adder. Your squeeze misses the adder.
The adder is almost dead.
You constrict the adder, but do no damage.
* * * LOW HITPOINT WARNING * * *
You feel sick. The adder bites you.
* * * LOW HITPOINT WARNING * * *
The frilled lizard bites you but does no damage.
You tentacle-slap the adder.
The adder is almost dead.
You constrict the adder, but do no damage.
The adder bites you.
* * * LOW HITPOINT WARNING * * *
The frilled lizard bites you.
You die...

#.. #. #.# . #.##.#
..# #..#. ..# #...
....# #..###...#
#Sl.#....#
#@.#.#...########
#.##†##.........#
#.#...#.........#
##..###..........#
#..#...#.........##
#..##.##..........#
#...#(#............
#...###............
#.#.......###+####.


You could see an adder and a frilled lizard.

Vanquished Creatures
  An ooze (D:1)
  A leopard gecko (D:1)
  6 giant cockroaches
  4 hobgoblins (D:1)
  6 jackals (D:2)
  7 kobolds (D:1)
  A ball python (D:1)
  4 bats
  2 frilled lizards (D:2)
  A rat (D:2)
33 creatures vanquished.

Notes
Turn   | Place    | Note
-------+----------+-------------------------------------------
     0 | D:1      | phalm the Octopode Transmuter began the quest for the Orb.
     0 | D:1      | Reached XP level 1. HP: 13/13 MP: 3/3
   213 | D:1      | Reached XP level 2. HP: 15/18 MP: 5/5
   250 | D:1      | Reached skill level 1 in Poison Magic
   546 | D:1      | Learned a level 2 spell: Wereblood
   553 | D:1      | Reached XP level 3. HP: 18/23 MP: 4/6
   557 | D:1      | Learned a level 3 spell: Spider Form
  1638 | D:2      | Found a faded altar of an unknown god.
  1804 | D:2      | Slain by a frilled lizard

Illustrated notes

Levels and vault maps discovered:
D:1:      lordsloth_arrival_two_stooges, layout_basic, minmay_indecisive_spiral
D:2:      layout_rooms, gammafunk_temple_overflow_elements, serial_forest,
          infiniplex_forest_straight_3, infiniplex_forest_lined_3,
          infiniplex_forest_clump_cross, infiniplex_forest_clump_long,
          infiniplex_forest_lined_corner, infiniplex_forest_straight_3,
          infiniplex_forest_lined_room_3, chequers_ecumenical_altar_lobes,
          grunt_ministairs_6, kennysheep_another_room, roderic_serpentine_path,
          corner_web_ring, minmay_ruptured

Skill      XL: |  1  2 |
---------------+-------+-----
Poison Magic   | 1 |  1.6
Fighting       | |  1.1
Dodging        | |  2.0
Stealth        | |  0.4
Unarmed Combat | |  3.0
Spellcasting   | |  2.4
Transmutations | |  2.6
Ice Magic      | |  0.6

Action                   || total
-------------------------++-------
Melee: Unarmed           ||    71
       Kick              ||    13
       Constrict         ||    18
       Tentacles         ||    13
 Cast: Beastly Appendage ||    17
       Wereblood         ||     1
 Stab: Sleeping          ||     8
Armor: Skin              ||     8
Dodge: Dodged            ||    51
